[Event "Titled Tuesday Blitz August 09 Early 2022"]
[White "Calugar, Arthur"]
[Black "Zaloznyy, Mike"]
[WhiteFideId "2606933"]
[BlackFideId "2023075"]
[WhiteElo "2312"]
[BlackElo "2003"]
[Result "1-0"]
[Round "02"]
[TimeControl "180+1"]
[Date "2022.08.09"]
[WhiteClock "0:00:17"]
[BlackClock "0:00:01"]

1. e4 c6 2. d4 d5 3. e5 c5 4. dxc5 e6 5. a3 Bxc5 6. b4 Be7 7. Bb2 f6 8. Nf3 a5 9. b5 Nd7 10. Nbd2 Nh6 11. Bd3 Nf7 12. exf6 Bxf6 13. Bxf6 Qxf6 14. O-O O-O 15. c4 Nc5 16. Bc2 a4 17. Qe2 b6 18. Rae1 Bb7 19. Ne5 Rad8 20. f4 Nd6 21. Qg4 Nxc4 22. Ndxc4 dxc4 23. Nxc4 Nd3 24. Rxe6 Qd4+ 25. Ne3 Rxf4 26. Rxf4 Nxf4 27. Re7 Qa1+ 28. Nd1 Qd4+ 29. Ne3 Qa1+ 30. Bd1 Nxg2 31. Qe6+ Kh8 32. Re8+ Rxe8 33. Qxe8# 1-0


[Site "https://www.chess.com"]

[Event "Titled Tuesday Blitz August 09 Early 2022"]
[White "Can, Melih Kaan"]
[Black "Zierk, Steven"]
[WhiteFideId "6317383"]
[BlackFideId "2034255"]
[WhiteElo "2049"]
[BlackElo "2494"]
[Result "0-1"]
[Round "02"]
[TimeControl "180+1"]
[Date "2022.08.09"]
[WhiteClock "0:00:04"]
[BlackClock "0:00:57"]

1. d4 d5 2. c4 e6 3. Nc3 Nf6 4. cxd5 Nxd5 5. Nf3 c5 6. e4 Nxc3 7. bxc3 cxd4 8. cxd4 Bb4+ 9. Bd2 Bxd2+ 10. Qxd2 O-O 11. Bd3 Nc6 12. e5 Qa5 13. Qxa5 Nxa5 14. Ke2 b6 15. Be4 Ba6+ 16. Ke3 Rac8 17. Rac1 Bc4 18. Rc2 f5 19. exf6 gxf6 20. Rhc1 Rc7 21. Nd2 Rfc8 22. a4 a6 23. Bd3 b5 24. axb5 axb5 25. Bxc4 Nxc4+ 26. Nxc4 bxc4 27. Rc3 Kf7 28. Ra1 Ke7 29. Ra5 Kd6 30. g3 Rb8 31. Ra6+ Kd5 32. Ra5+ Kd6 33. Ra6+ Kd7 34. Ke4 Rb2 35. Ke3 Rb3 36. Ra3 Rxc3+ 37. Rxc3 Kd6 38. Ke4 f5+ 39. Ke3 Kd5 40. Rc1 Ra7 41. h4 Ra3+ 42. Kf4 Kxd4 43. Rd1+ Rd3 44. Re1 c3 45. Rxe6 c2 46. Rd6+ Kc3 47. Rc6+ Kd2 48. Rxc2+ Kxc2 49. Kxf5 Kd2 50. Kg5 Ke2 51. Kh6 Kxf2 52. g4 Kg3 53. g5 Kxh4 54. g6 hxg6 0-1


[Site "https://www.chess.com"]

[Event "Titled Tuesday Blitz August 09 Early 2022"]
[White "Chyzy, Jakub"]
[Black "Siva Mahadevan"]
[WhiteFideId "21806209"]
[BlackFideId "25043153"]
[WhiteElo "2023"]
[BlackElo "2203"]
[Result "0-1"]
[Round "02"]
[TimeControl "180+1"]
[Date "2022.08.09"]
[WhiteClock "0:00:06"]
[BlackClock "0:01:47"]

1. b3 e5 2. Bb2 Nc6 3. e3 d5 4. Bb5 Bd6 5. Nf3 Qe7 6. d4 e4 7. Ne5 a6 8. Bxc6+ bxc6 9. Nxc6 Qg5 10. g3 Bg4 11. Qd2 Bf3 12. Rf1 Nf6 13. c4 dxc4 14. bxc4 a5 15. c5 Ra6 16. Nxa5 Be7 17. Nc4 O-O 18. Ne5 Bh5 19. Nc3 Rb8 20. f4 exf3 21. Nxf3 Qf5 22. Ne5 Qe6 23. Rf4 Bxc5 24. dxc5 Qxe5 25. Nd1 Qe7 26. Bxf6 Rxf6 27. Rxf6 Qxf6 28. Qd4 Qf3 29. Qd2 h6 30. Qf2 Qh1+ 31. Kd2 Rd8+ 32. Kc3 Rxd1 33. Rxd1 Qxd1 34. Kb4 Qb1+ 35. Ka3 Bg6 36. Qd2 Kh7 37. Qd4 c6 38. Qd6 Be4 39. Qd4 f5 40. Qd6 Qc1+ 41. Kb4 Qxe3 42. Ka5 Qa3+ 43. Kb6 Qxa2 44. Kc7 Qxh2 45. Kd8 Qh5 46. Ke7 Qg5+ 47. Kf8 Qf6+ 48. Qxf6 gxf6 49. Kf7 h5 50. Kxf6 Kh6 51. Ke5 Kg5 52. Kd6 f4 0-1


[Site "https://www.chess.com"]

[Event "Titled Tuesday Blitz August 09 Early 2022"]
[White "Concio, Michael Jr."]
[Black "Dubov, Daniil"]
[WhiteFideId "5217873"]
[BlackFideId "24126055"]
[WhiteElo "1896"]
[BlackElo "2791"]
[Result "0-1"]
[Round "02"]
[TimeControl "180+1"]
[Date "2022.08.09"]
[WhiteClock "0:00:05"]
[BlackClock "0:00:19"]

1. e4 c6 2. d4 d5 3. Nd2 dxe4 4. Nxe4 Nf6 5. Nxf6+ exf6 6. c3 Bd6 7. Bd3 Na6 8. Ne2 Nc7 9. O-O O-O 10. Bf4 Re8 11. Bxd6 Qxd6 12. Ng3 Nd5 13. Qf3 Qf4 14. Rfe1 Bg4 15. Qxf4 Nxf4 16. Bf1 Kf8 17. f3 Be6 18. Kf2 Rad8 19. Re4 Nd5 20. Rae1 b5 21. Bd3 a5 22. Nf1 b4 23. c4 Ne7 24. d5 cxd5 25. cxd5 Bxd5 26. R4e3 Ng6 27. Rxe8+ Rxe8 28. Rxe8+ Kxe8 29. Bxg6 fxg6 30. a3 bxa3 31. bxa3 Kd7 32. Ke3 g5 33. Kd4 Kc6 34. Ne3 Be6 35. Nd1 h5 36. Nc3 h4 37. g3 Bh3 38. Ke3 Kc5 39. f4 hxg3 40. hxg3 Kc4 41. Ne4 gxf4+ 42. gxf4 Kb3 43. Kd4 Kxa3 44. Kc3 Ka2 45. Nd6 Bd7 46. Nc4 a4 47. Kb4 Kb1 48. Ne3 Kb2 49. Nc4+ Kc2 50. Nb6 Be8 51. Nc8 Kd3 52. Nd6 Bd7 53. Ka3 Ke3 54. f5 Kd4 55. Nf7 Ke4 56. Nd6+ Ke5 57. Nc4+ Kxf5 58. Nb6 Be8 59. Nc4 Ke6 0-1


[Site "https://www.chess.com"]

[Event "Titled Tuesday Blitz August 09 Early 2022"]
[White "Costachi, Mihnea"]
[Black "Melikhov, Evgeny V."]
[WhiteFideId "1217518"]
[BlackFideId "4122046"]
[WhiteElo "2437"]
[BlackElo "1963"]
[Result "1-0"]
[Round "02"]
[TimeControl "180+1"]
[Date "2022.08.09"]
[WhiteClock "0:00:44"]
[BlackClock "0:00:01"]

1. e4 e5 2. Nf3 Nc6 3. Bc4 Nf6 4. O-O Nxe4 5. Re1 d5 6. Bb5 Be7 7. Nxe5 Bd7 8. Nxd7 Qxd7 9. d3 Nf6 10. Qe2 a6 11. Bxc6 bxc6 12. b3 c5 13. Kf1 Ng8 14. Ba3 Qd6 15. d4 Qxh2 16. Qg4 Kf8 17. Bxc5 Bxc5 18. dxc5 Nf6 19. Qh3 Qxh3 20. gxh3 h5 21. Nc3 g5 22. Re5 g4 23. Kg2 Kg7 24. Nxd5 Nxd5 25. Rxd5 Rae8 26. hxg4 hxg4 27. Rad1 Re2 28. R1d2 Re1 29. Rg5+ Kf6 30. Rxg4 Rhh1 31. Kf3 Kf5 32. Rf4+ Ke6 33. Re4+ Rxe4 34. Kxe4 f5+ 35. Ke3 Ke5 36. Rd7 Rh3+ 37. Ke2 f4 38. Rxc7 f3+ 39. Ke3 Kd5 40. c4+ Ke5 41. Re7+ Kf6 42. Re4 Rh1 43. c6 Ra1 44. c7 1-0


[Site "https://www.chess.com"]

[Event "Titled Tuesday Blitz August 09 Early 2022"]
[White "Csonka, Balazs"]
[Black "Vazquez Espino, Uriel"]
[WhiteFideId "742910"]
[BlackFideId "5119138"]
[WhiteElo "2404"]
[BlackElo "2399"]
[Result "1-0"]
[Round "02"]
[TimeControl "180+1"]
[Date "2022.08.09"]
[WhiteClock "0:00:04"]
[BlackClock "0:00:05"]

1. e4 c5 2. Nc3 e6 3. Nge2 Nc6 4. d4 cxd4 5. Nxd4 Qc7 6. g3 a6 7. Bg2 Nf6 8. O-O Nxd4 9. Qxd4 Bc5 10. Bf4 d6 11. Qd2 h6 12. Rad1 e5 13. Be3 Bxe3 14. Qxe3 Be6 15. f4 Bc4 16. Rf3 Ng4 17. Qd2 Qb6+ 18. Kh1 O-O 19. b3 Be6 20. f5 Bc8 21. Nd5 Qd8 22. f6 Be6 23. fxg7 Kxg7 24. Rdf1 Qg5 25. Qe2 Bxd5 26. Rf5 Qg6 27. exd5 h5 28. Be4 Qh6 29. h3 Qe3 30. Qf3 Qxf3+ 31. R1xf3 Nh6 32. Rg5+ Kh8 33. Rxh5 Kg7 34. Rg5+ Kh8 35. Rf6 Ng8 36. Rxd6 f5 37. Bxf5 Nf6 38. g4 e4 39. Rg6 Ng8 40. Rde6 Rae8 41. c4 e3 42. Bd3 e2 43. Bxe2 Rxe6 44. Rxe6 Rf2 45. Kg1 Rf4 46. d6 Rd4 47. c5 Rd2 48. Bc4 Kg7 49. Re8 Nf6 50. Re7+ Kg6 51. Rxb7 Ne4 52. d7 Ng5 53. Kf1 Nf3 54. Be2 Nd4 55. Rb6+ Kg5 56. Rd6 Kf4 57. d8=Q Ke3 58. Qe7+ 1-0


[Site "https://www.chess.com"]

[Event "Titled Tuesday Blitz August 09 Early 2022"]
[White "D`Arruda, Ricardo D."]
[Black "Sailer, Mike"]
[WhiteFideId "100692"]
[BlackFideId "2012901"]
[WhiteElo "2476"]
[BlackElo "2109"]
[Result "0-1"]
[Round "02"]
[TimeControl "180+1"]
[Date "2022.08.09"]
[WhiteClock "0:00:02"]
[BlackClock "0:00:14"]

1. d4 d5 2. Nf3 Bf5 3. e3 e6 4. c4 Nc6 5. Bd3 Bxd3 6. Qxd3 Nf6 7. O-O Be7 8. Nc3 O-O 9. e4 Nb4 10. Qe2 dxe4 11. Nxe4 Nxe4 12. Qxe4 c6 13. a3 Na6 14. Bf4 Nc7 15. Rac1 Ne8 16. Rfd1 Nd6 17. Qc2 Nf5 18. d5 cxd5 19. cxd5 Rc8 20. Qxc8 Qxc8 21. Rxc8 Rxc8 22. dxe6 fxe6 23. g4 Nh4 24. Nxh4 Bxh4 25. Be5 Rd8 26. Rc1 Rd7 27. Rc2 Kf7 28. f4 Bf6 29. Kf2 Bxe5 30. fxe5 Kg6 31. Ke3 Kg5 32. h3 Kh4 33. Rc8 Kxh3 34. Re8 Kxg4 35. Rxe6 Kf5 36. Re8 Rd5 37. e6 Re5+ 38. Kf3 Rxe6 39. Rb8 Re7 40. b4 Kg5 41. Rf8 h5 42. Rd8 g6 43. Rd5+ Kf6 44. Kf4 g5+ 45. Kf3 h4 46. Kg4 Re4+ 47. Kh5 Re5 0-1


[Site "https://www.chess.com"]

[Event "Titled Tuesday Blitz August 09 Early 2022"]
[White "Daeschler, Florian"]
[Black "Shapiro, Daniel"]
[WhiteFideId "20678193"]
[BlackFideId "2001780"]
[WhiteElo "2187"]
[BlackElo "2245"]
[Result "1-0"]
[Round "02"]
[TimeControl "180+1"]
[Date "2022.08.09"]
[WhiteClock "0:00:16"]
[BlackClock "0:00:04"]

1. e4 e6 2. d4 d5 3. Nc3 dxe4 4. Nxe4 Bd7 5. Nf3 Bc6 6. Bd3 Nd7 7. O-O Ngf6 8. Ng3 Bd6 9. Re1 O-O 10. c3 b6 11. Bc2 Re8 12. Qd3 Bb7 13. Bg5 g6 14. Rad1 Be7 15. Bh6 c5 16. Ng5 Qc7 17. Qe2 Bf8 18. Bxf8 Rxf8 19. N3e4 Nd5 20. Ba4 N7f6 21. c4 Nxe4 22. Nxe4 Nf4 23. Qe3 Nh5 24. dxc5 Bxe4 25. Qxe4 bxc5 26. Bc2 Rab8 27. b3 a5 28. Qe5 Qxe5 29. Rxe5 Rfc8 30. Rd7 Nf6 31. Ra7 Rd8 32. Re2 Ra8 33. Rxa8 Rxa8 34. f3 Kf8 35. Kf2 Ke7 36. Ke1 Kd6 37. Rd2+ Kc6 38. g4 Ra7 39. h4 Rd7 40. g5 Rxd2 41. Kxd2 Nh5 42. Be4+ Kd6 43. Kc3 Ng3 44. Bd3 Ke5 45. a3 Kf4 46. b4 1-0


[Site "https://www.chess.com"]

[Event "Titled Tuesday Blitz August 09 Early 2022"]
[White "Delaney, Killian"]
[Black "Hambleton, Aman"]
[WhiteFideId "2501570"]
[BlackFideId "2606577"]
[WhiteElo "2254"]
[BlackElo "2538"]
[Result "0-1"]
[Round "02"]
[TimeControl "180+1"]
[Date "2022.08.09"]
[WhiteClock "0:00:07"]
[BlackClock "0:00:02"]

1. d4 Nf6 2. g4 Nxg4 3. e4 d5 4. Be2 Nf6 5. e5 Ng8 6. Nf3 Bg4 7. Rg1 Bxf3 8. Bxf3 e6 9. c4 c6 10. cxd5 cxd5 11. Nc3 Nc6 12. Be3 Nge7 13. Qd3 Qb6 14. O-O-O O-O-O 15. Kb1 Kb8 16. Rc1 Rc8 17. Na4 Qd8 18. Nc5 Nf5 19. Bd2 Ncxd4 20. Bb4 Bxc5 21. Bxc5 Nxf3 22. Qxf3 b6 23. Bb4 Qd7 24. Qb3 Rxc1+ 25. Rxc1 Rc8 26. Rd1 Qc6 27. a4 Qc4 28. Qa3 Qc2+ 29. Ka2 Qxd1 30. Bd6+ Kb7 31. a5 Qe2 32. a6+ Qxa6 0-1


[Site "https://www.chess.com"]

[Event "Titled Tuesday Blitz August 09 Early 2022"]
[White "Delorme, Axel"]
[Black "Vasques, Antonio Pedro Freixial"]
[WhiteFideId "632023"]
[BlackFideId "1908332"]
[WhiteElo "2474"]
[BlackElo "2243"]
[Result "1/2-1/2"]
[Round "02"]
[TimeControl "180+1"]
[Date "2022.08.09"]
[WhiteClock "0:00:18"]
[BlackClock "0:00:13"]

1. d4 Nf6 2. Nf3 e6 3. e3 b6 4. Bd3 Bb7 5. O-O d6 6. Re1 Ne4 7. Nbd2 f5 8. c4 Nd7 9. Qc2 Ndf6 10. Nf1 g5 11. N3d2 g4 12. f3 gxf3 13. gxf3 Rg8+ 14. Ng3 Nxg3 15. hxg3 Rxg3+ 16. Kf2 Rh3 17. Nf1 Ne4+ 18. fxe4 Qh4+ 19. Ke2 fxe4 20. Qa4+ Kd8 21. Bb1 Bh6 22. Kd1 Qg4+ 23. Kc2 Qg2+ 24. Bd2 Rh1 25. a3 Rxf1 26. Ba2 Rf2 27. Rad1 Ke7 28. Rg1 Rxd2+ 29. Rxd2 Qxg1 30. c5 Qxe3 31. cxd6+ cxd6 32. Qb3 Rc8+ 33. Kb1 Qxd2 34. Qxe6+ Kd8 35. Qxd6+ Ke8 36. Qe6+ Kd8 37. Qd6+ Ke8 38. Qe6+ Kd8 39. Qd6+ 1/2-1/2


[Site "https://www.chess.com"]

[Event "Titled Tuesday Blitz August 09 Early 2022"]
[White "Devaev, Alexander"]
[Black "Terrieux, Kevin"]
[WhiteFideId "4169395"]
[BlackFideId "622591"]
[WhiteElo "2185"]
[BlackElo "2461"]
[Result "1-0"]
[Round "02"]
[TimeControl "180+1"]
[Date "2022.08.09"]
[WhiteClock "0:00:12"]
[BlackClock "0:00:03"]

1. d4 d5 2. c4 dxc4 3. Nf3 Nf6 4. Qa4+ Bd7 5. Qxc4 Bc6 6. Nc3 e6 7. Bf4 Bd6 8. Bg5 h6 9. Bh4 Nbd7 10. e3 Nb6 11. Qb3 Bd5 12. Qc2 Bxf3 13. gxf3 c5 14. Bb5+ Kf8 15. O-O-O Qc7 16. dxc5 Qxc5 17. Kb1 Be5 18. Be2 Bxc3 19. Qxc3 Qxc3 20. bxc3 Nfd5 21. Rc1 Na4 22. Bc4 Ndxc3+ 23. Ka1 g5 24. Bg3 Ke7 25. Be5 Rhc8 26. Bxc3 Nxc3 27. Rxc3 b5 28. Rhc1 Rxc4 29. Rxc4 bxc4 30. Rxc4 Kd6 31. h4 f6 32. Kb2 h5 33. Rd4+ Ke5 34. f4+ Kf5 35. fxg5 fxg5 36. Kc3 Rc8+ 37. Kd2 Rc5 38. hxg5 Kxg5 39. Ra4 a5 40. Ke2 Rf5 41. Kf1 Rb5 42. Kg2 e5 43. Kg3 Kf5 44. Rh4 Rb2 45. Rxh5+ Ke4 46. a4 Rb4 47. Rg5 Kd5 48. f4 Rxa4 49. Rxe5+ Kd6 50. Kg4 Ra1 51. Kf5 a4 52. Ra5 Kc6 53. e4 Kb6 54. Ra8 Kb7 55. Rh8 Rb1 56. e5 a3 57. Rh7+ Kb8 58. Rh8+ Ka7 59. Rh7+ Rb7 60. Rh3 Kb8 61. Rxa3 Rf7+ 62. Ke4 Kc7 63. Rd3 Rf8 64. f5 Rh8 65. e6 Rh1 66. Ke5 1-0


[Site "https://www.chess.com"]

[Event "Titled Tuesday Blitz August 09 Early 2022"]
[White "Dilanyan, Grigor"]
[Black "Sohier, Julien"]
[WhiteFideId "13303570"]
[BlackFideId "645346"]
[WhiteElo "2264"]
[BlackElo "2209"]
[Result "1-0"]
[Round "02"]
[TimeControl "180+1"]
[Date "2022.08.09"]
[WhiteClock "0:01:48"]
[BlackClock "0:00:36"]

1. d4 d5 2. Nf3 Nf6 3. g3 g6 4. Bg2 Bg7 5. O-O O-O 6. c4 c6 7. cxd5 cxd5 8. Nc3 Nc6 9. Ne5 Ng4 10. Nxd5 Ngxe5 11. dxe5 Nxe5 12. Bg5 f6 13. Bf4 Be6 14. Rc1 Rc8 15. Rxc8 Bxc8 16. Qb3 e6 17. Bxe5 fxe5 18. Nc3 Qb6 19. Qxb6 axb6 20. Rd1 Bf6 21. e3 Rd8 22. Rxd8+ Bxd8 23. Kf1 Kf7 24. Ke2 Ke7 25. Kd3 Kd6 26. Kc4 h5 27. h4 Kc7 28. Nb5+ Kd7 29. Be4 g5 30. hxg5 Bxg5 31. Nc3 h4 32. g4 Kd6 33. Bg2 Kc7 34. Ne4 Be7 35. g5 Bd7 36. g6 Bf8 37. Nf6 b5+ 38. Kd3 Bc6 39. Bh3 e4+ 40. Ke2 e5 41. Nh5 Bd5 42. b3 Kd6 43. Bc8 b6 44. Kf1 Bh6 45. Nf6 Bg5 46. Nxd5 Kxd5 47. g7 1-0


[Site "https://www.chess.com"]

[Event "Titled Tuesday Blitz August 09 Early 2022"]
[White "Dimitrov, Atanas"]
[Black "Federzoni, Enzo"]
[WhiteFideId "2901315"]
[BlackFideId "2173301"]
[WhiteElo "2668"]
[BlackElo "1949"]
[Result "0-1"]
[Round "02"]
[TimeControl "180+1"]
[Date "2022.08.09"]
[WhiteClock "0:00:13"]
[BlackClock "0:00:55"]

1. Nf3 Nf6 2. c4 e6 3. Nc3 c5 4. e3 d5 5. cxd5 exd5 6. d4 cxd4 7. Nxd4 Nc6 8. Be2 Bb4 9. O-O O-O 10. Bd2 Nxd4 11. exd4 Bf5 12. Re1 Bd6 13. Bf3 Rc8 14. Bg5 Bb4 15. Bxf6 gxf6 16. Nxd5 Bxe1 17. Qxe1 Be6 18. Nf4 Re8 19. Qd2 Rc4 20. Rd1 Bf5 21. Nh5 Bg6 22. Ng3 Rc2 23. Qb4 a5 24. Qxb7 Re7 25. Qb3 Qe8 26. Be4 Bxe4 27. Nxe4 Rxe4 28. Rf1 Ree2 29. Qg3+ Kh8 30. Qf4 Qe7 31. Qb8+ Qe8 32. Qf4 Rc6 33. d5 Rb6 34. b3 Re5 35. Qd4 Rd6 36. Qf4 Qd8 37. h3 Rdxd5 38. Qf3 Rd3 39. Qg4 Rd4 40. Qf3 Red5 41. Kh2 Qd6+ 42. g3 Rd2 43. Re1 Kg7 44. h4 R5d3 45. Qg4+ Kh6 46. Qf5 Qxg3+ 47. Kh1 Qxh4+ 48. Kg1 Rg3+ 0-1


[Site "https://www.chess.com"]

[Event "Titled Tuesday Blitz August 09 Early 2022"]
[White "Dounis, Alexandros"]
[Black "Gurel, Ediz"]
[WhiteFideId "4213238"]
[BlackFideId "44507356"]
[WhiteElo "2204"]
[BlackElo "1894"]
[Result "0-1"]
[Round "02"]
[TimeControl "180+1"]
[Date "2022.08.09"]
[WhiteClock "0:00:02"]
[BlackClock "0:00:03"]

1. Nf3 Nf6 2. g3 g6 3. Bg2 Bg7 4. O-O O-O 5. d4 d5 6. c4 c6 7. Qb3 dxc4 8. Qxc4 Nbd7 9. Nc3 Nb6 10. Qd3 Nbd5 11. e4 Nxc3 12. bxc3 Bg4 13. h3 Bxf3 14. Qxf3 e5 15. Rd1 Qa5 16. dxe5 Qxe5 17. Bf4 Qa5 18. Rab1 b5 19. Be5 Nh5 20. Bxg7 Nxg7 21. e5 Rac8 22. Qf6 Qxa2 23. Bxc6 Qc4 24. Bxb5 Qxc3 25. Bd7 Rc5 26. Re1 Nh5 27. Qe7 Nxg3 28. Re3 Qc2 29. Rbe1 Nh5 30. e6 Rf5 31. R3e2 Qc3 32. exf7+ R5xf7 33. Be6 Nf4 34. Bxf7+ Rxf7 35. Qd8+ Kg7 36. Re3 Qc6 37. Qd4+ Kh6 38. Rg3 Rf5 39. Qe3 Qc2 40. Kh2 Kg7 41. Qe7+ Rf7 42. Qe5+ Kg8 43. Rf3 Qc4 44. Re4 Qd5 45. Qe8+ Rf8 46. Qxf8+ Kxf8 47. Rfxf4+ Kg8 48. Rd4 Qe5 49. Kg2 a5 50. Rfe4 Qg5+ 51. Rg4 Qf5 52. Rd8+ Kg7 53. Rgd4 Qe5 54. R8d7+ Kh6 55. R7d5 Qe6 56. Rxa5 Qf6 57. Rad5 Qf7 58. Rd3 Qe6 59. R5d4 Qc6+ 60. f3 Qb6 61. Kg3 Qc7+ 62. f4 Qc1 63. Rd5 Qg1+ 64. Kf3 Qf1+ 65. Ke4 Qg2+ 66. Ke5 Qe2+ 67. Kf6 Qe4 68. R5d4 Qc6+ 69. Ke5 Qc7+ 70. Ke4 Qe7+ 71. Kf3 Qe1 72. Kg2 Qe2+ 73. Kg3 Qf1 74. Rd2 Qe1+ 75. Kf3 Qh1+ 76. Ke3 Qxh3+ 77. Ke4 Qf5+ 78. Ke3 Qe6+ 79. Kf2 Qb6 80. Kf3 Qb7+ 81. Rd5 Qb3+ 82. Ke4 Qc4+ 83. Ke5 Qc3+ 84. Ke6 Qe3+ 85. Kf7 Qxf4+ 86. Kg8 Qb8+ 87. Rd8 Qb3+ 88. Kh8 Qc3+ 89. R2d4 g5 90. Kg8 Qb3+ 91. Kf8 Qa3+ 92. R8d6+ Kh5 93. Kg7 Qe3 94. Kxh7 Qe7+ 95. Kg8 g4 96. Rd7 Qe6+ 97. Kf8 Qf6+ 98. Kg8 Qe6+ 99. Kh8 g3 100. Rh7+ Kg5 101. Rdd7 Qe8+ 0-1


[Site "https://www.chess.com"]

[Event "Titled Tuesday Blitz August 09 Early 2022"]
[White "Drozdowski, Kacper"]
[Black "Tica, Sven"]
[WhiteFideId "1136720"]
[BlackFideId "14526948"]
[WhiteElo "2485"]
[BlackElo "2350"]
[Result "1-0"]
[Round "02"]
[TimeControl "180+1"]
[Date "2022.08.09"]
[WhiteClock "0:00:32"]
[BlackClock "0:00:18"]

1. e4 g6 2. d4 Bg7 3. Nc3 a6 4. Be3 b5 5. Qd2 Bb7 6. f3 d6 7. a4 b4 8. Nce2 a5 9. c3 bxc3 10. Nxc3 Nd7 11. Bc4 e6 12. Nge2 h6 13. O-O Ne7 14. Rac1 Nb6 15. Bb5+ c6 16. Bd3 Ba6 17. b3 Bxd3 18. Qxd3 O-O 19. h4 d5 20. h5 g5 21. f4 dxe4 22. Nxe4 Nf5 23. fxg5 Nxe3 24. Qxe3 hxg5 25. Rxc6 Nd5 26. Qxg5 Qxg5 27. Nxg5 Rab8 28. Rf3 Bh6 29. Rg3 Kh8 30. Rc5 Bxg5 31. Rxg5 Rxb3 32. Rxa5 Rb2 33. Ng3 Nf4 34. Ne4 Ne2+ 35. Kh1 Rb4 36. Ng3 Nxd4 37. Ra7 Nc6 38. Rc7 Nd4 39. a5 Kh7 40. a6 Kh6 41. Rg4 Rb1+ 42. Kh2 Nf5 43. Nxf5+ exf5 44. Ra4 Rb2 45. a7 Rg8 46. a8=Q 1-0


[Site "https://www.chess.com"]

[Event "Titled Tuesday Blitz August 09 Early 2022"]
[White "Drygalov, Sergey"]
[Black "Barp, Alberto"]
[WhiteFideId "24171743"]
[BlackFideId "872555"]
[WhiteElo "2523"]
[BlackElo "2229"]
[Result "1-0"]
[Round "02"]
[TimeControl "180+1"]
[Date "2022.08.09"]
[WhiteClock "0:00:28"]
[BlackClock "0:00:04"]

1. d4 d5 2. c4 e6 3. Nf3 c6 4. e3 Bd6 5. Nc3 Nf6 6. Qc2 Nbd7 7. Bd3 dxc4 8. Bxc4 b5 9. Be2 Bb7 10. O-O O-O 11. e4 e5 12. dxe5 Nxe5 13. Nh4 Re8 14. f4 Bc5+ 15. Kh1 Neg4 16. e5 Nf2+ 17. Rxf2 Bxf2 18. Nf5 Bc5 19. exf6 Qxf6 20. Ng3 Qh4 21. Nce4 Bd4 22. f5 c5 23. Bf3 h6 24. Bd2 Rad8 25. Rf1 c4 26. f6 Be5 27. Be1 Bxg3 28. Nxg3 Bxf3 29. gxf3 Qxf6 30. Bc3 Qg6 31. Ne4 Qh5 32. Qg2 Qg6 33. Qh3 Qe6 34. Qg3 Qg6 35. Qf4 f5 36. Rg1 Qxg1+ 37. Kxg1 fxe4 38. Qc7 1-0


[Site "https://www.chess.com"]

[Event "Titled Tuesday Blitz August 09 Early 2022"]
[White "Dushyant Sharma"]
[Black "parintele_chess"]
[WhiteFideId "25065130"]
[WhiteElo "2133"]
[BlackElo "2215"]
[Result "1-0"]
[Round "02"]
[TimeControl "180+1"]
[Date "2022.08.09"]
[WhiteClock "0:01:17"]
[BlackClock "0:00:01"]

1. e4 c6 2. d4 d5 3. exd5 cxd5 4. Bd3 Nc6 5. c3 Nf6 6. Nf3 g6 7. O-O Bg7 8. Be3 Bf5 9. Bxf5 gxf5 10. Nbd2 O-O 11. Ne5 e6 12. f4 Ne4 13. Qh5 Nxd2 14. Bxd2 Nxe5 15. fxe5 f6 16. exf6 Qxf6 17. Rae1 Rae8 18. Rf3 Qg6 19. Qh4 Bf6 20. Qh3 Kh8 21. Rg3 Qf7 22. Bf4 Rg8 23. Rxg8+ Rxg8 24. Be5 Bxe5 25. Rxe5 Qg6 26. Qf3 Kg7 27. g3 Kf7 28. Re1 Qg4 29. Qe3 Re8 30. Qe5 Qg7 31. Qd6 Re7 32. a4 h5 33. h4 Qg4 34. Kg2 Qg6 35. a5 a6 36. b3 Qh6 37. Re2 Qc1 38. c4 dxc4 39. d5 e5 40. Qc5 Qd1 41. Qxc4 1-0


[Site "https://www.chess.com"]

[Event "Titled Tuesday Blitz August 09 Early 2022"]
[White "Eggleston, Thomas A"]
[Black "Blanco Ronquillo, Humberto L."]
[WhiteFideId "412139"]
[BlackFideId "3504239"]
[WhiteElo "2155"]
[BlackElo "2425"]
[Result "1-0"]
[Round "02"]
[TimeControl "180+1"]
[Date "2022.08.09"]
[WhiteClock "0:00:04"]
[BlackClock "0:00:05"]

1. e4 c5 2. b3 d5 3. exd5 Qxd5 4. Nc3 Qd8 5. Nf3 Nc6 6. Bb5 Bd7 7. Bb2 Nf6 8. Qe2 e6 9. O-O-O Nd4 10. Nxd4 cxd4 11. Ne4 Nxe4 12. Bxd7+ Qxd7 13. Qxe4 Bc5 14. h4 O-O 15. h5 h6 16. Rh3 Rac8 17. Kb1 Rfd8 18. c4 dxc3 19. Bxc3 Bxf2 20. Rf1 Bd4 21. Rd3 e5 22. Bxd4 exd4 23. Rg3 Re8 24. Qf4 Qc7 25. Qg4 f6 26. Qg6 Re2 27. Ka1 Rxd2 28. Qe4 Qc1+ 29. Rxc1 Rxc1+ 30. Qb1 Rxb1+ 31. Kxb1 Kf7 32. a3 Re2 33. Kc1 Re3 34. Rg4 Rxb3 35. Rxd4 Ke6 36. Re4+ Kf5 37. Re7 a5 38. Rxg7 b5 39. Rg6 Rxa3 40. Rxh6 Ra2 41. Rg6 b4 42. Rg8 b3 43. h6 a4 44. h7 Ra1+ 45. Kb2 Rh1 46. h8=Q Rxh8 47. Rxh8 Ke4 48. Ka3 1-0


[Site "https://www.chess.com"]

[Event "Titled Tuesday Blitz August 09 Early 2022"]
[White "Ekdyshman, Mikhail"]
[Black "Chigaev, Maksim"]
[WhiteFideId "4149416"]
[BlackFideId "4108116"]
[WhiteElo "2146"]
[BlackElo "2487"]
[Result "0-1"]
[Round "02"]
[TimeControl "180+1"]
[Date "2022.08.09"]
[WhiteClock "0:00:09"]
[BlackClock "0:00:12"]

1. e4 g6 2. d4 Bg7 3. Nc3 d6 4. Bc4 Nf6 5. f3 c6 6. a4 O-O 7. Be3 d5 8. Bd3 dxe4 9. Nxe4 Nd5 10. Bd2 Bxd4 11. Ne2 Bxb2 12. h4 Bf5 13. h5 Bxe4 14. fxe4 Nf6 15. hxg6 hxg6 16. Nf4 Qd4 17. Rb1 Nxe4 18. Qf3 Nxd2 19. Kxd2 Bc3+ 20. Kd1 Nd7 21. Qh3 Qh8 22. Rxb7 Qxh3 23. Rxh3 Nc5 24. Rxe7 Rfe8 25. Nxg6 Rab8 26. Bc4 Rb1+ 27. Ke2 Re1+ 28. Kf2 R1xe7 29. Nxe7+ Rxe7 30. Rg3+ Kf8 31. Rg4 Re4 32. Rxe4 Nxe4+ 33. Ke3 Nd6 34. Bd3 a5 35. g4 Ke7 36. Be2 c5 37. Bf3 Kf6 38. Kf4 Be5+ 39. Ke3 Kg5 40. Be2 f6 41. Kf3 Bd4 42. Bd3 c4 43. Be2 c3 44. Bd3 Bc5 45. Bb5 Nxb5 0-1


[Site "https://www.chess.com"]

[Event "Titled Tuesday Blitz August 09 Early 2022"]
[White "Espinosa Veloz, Ermes"]
[Black "Vifleemskaia, Svetlana"]
[WhiteFideId "3507424"]
[BlackFideId "4129490"]
[WhiteElo "2333"]
[BlackElo "1929"]
[Result "1-0"]
[Round "02"]
[TimeControl "180+1"]
[Date "2022.08.09"]
[WhiteClock "0:01:15"]
[BlackClock "0:00:36"]

1. d4 Nf6 2. c4 e6 3. g3 Bb4+ 4. Bd2 Qe7 5. Nf3 Nc6 6. Nc3 O-O 7. Bg2 d6 8. O-O Bxc3 9. Bxc3 Ne4 10. Rc1 Nxc3 11. Rxc3 e5 12. d5 Nb8 13. c5 dxc5 14. Qc2 Nd7 15. b4 cxb4 16. Rxc7 Qd6 17. Nd2 f5 18. Rc1 Nb6 19. Nb3 Bd7 20. Rxb7 e4 21. Qc5 Qxc5 22. Nxc5 Rfc8 23. f3 Bb5 24. fxe4 fxe4 25. Bxe4 Bxe2 26. d6 Bc4 27. d7 Rxc5 28. Rxb6 axb6 29. Bxa8 1-0


[Site "https://www.chess.com"]

[Event "Titled Tuesday Blitz August 09 Early 2022"]
[White "Ezov"]
[Black "Bolourchifard, Farzad"]
[BlackFideId "12510084"]
[WhiteElo "2377"]
[BlackElo "2317"]
[Result "1/2-1/2"]
[Round "02"]
[TimeControl "180+1"]
[Date "2022.08.09"]
[WhiteClock "0:00:04"]
[BlackClock "0:00:09"]

1. d3 e5 2. c4 Nc6 3. Nc3 g6 4. g3 Bg7 5. Bg2 d6 6. Nf3 Be6 7. O-O Qd7 8. Ng5 Bf5 9. e4 Bg4 10. f3 Be6 11. Nxe6 Qxe6 12. Nd5 Qd7 13. b4 Nd4 14. Bb2 c6 15. Ne3 Nf6 16. Nc2 Nxc2 17. Qxc2 O-O 18. f4 Nh5 19. f5 Bh6 20. Bc1 Bxc1 21. Qxc1 f6 22. Bh3 g5 23. Bg4 Ng7 24. Qd1 d5 25. Bf3 dxc4 26. dxc4 Rfd8 27. Qxd7 Rxd7 28. Rad1 Rad8 29. Rxd7 Rxd7 30. Rd1 Rd4 31. Rxd4 exd4 32. Kf2 b6 33. c5 Ne8 34. Ke2 Nc7 35. Kd3 Na6 36. cxb6 axb6 37. a3 c5 38. Kc4 cxb4 39. axb4 Nc7 40. Kxd4 Kf7 41. e5 Ke7 42. e6 Kd6 43. h4 h6 44. Be4 Na6 45. Kc4 Nc7 46. Bf3 Ke5 47. hxg5 hxg5 48. g4 Kf4 49. Bd1 Ke5 50. Be2 Ke4 51. Bd1 Ke5 52. Ba4 Kd6 53. Kd4 Nd5 54. Kc4 Ne3+ 55. Kb5 Nxg4 56. Kxb6 Ne3 57. Ka7 g4 58. b5 g3 59. b6 g2 60. b7 g1=Q 61. b8=Q+ Kd5 62. Qb7+ Ke5 63. e7 Nxf5+ 64. Kb8 Qg8+ 65. Ka7 Qg1+ 66. Kb8 Nxe7 67. Qxe7+ Kf5 68. Qb7 Qg3+ 69. Kc8 Qc3+ 70. Bc6 Qe5 71. Qd7+ Kg5 72. Qc7 Qe6+ 73. Qd7 Qg8+ 74. Qd8 Qg7 75. Qd7 Qf8+ 76. Qd8 Qc5 77. Qc7 f5 78. Bd7 Qd5 79. Qc6 Qe5 80. Bxf5 Qxf5+ 81. Qd7 Qf8+ 82. Qd8+ Qxd8+ 83. Kxd8 1/2-1/2


[Site "https://www.chess.com"]